 Dungeon Crawl Stone Soup version 0.28-a0-662-g1651b1f1e0 (webtiles) character file.

Game seed: 10534784468845034894

298 bande the Covered (level 6, -1/38 HPs)
             Began as a Gargoyle Fighter on Oct 15, 2021.
             Was a Follower of Okawaru.
             Slain by an ice beast (6 damage)
             ... on level 6 of the Dungeon.
             The game lasted 00:07:01 (4067 turns).

bande the Covered (Gargoyle Fighter)                Turns: 4067, Time: 00:07:02

Health: -1/38      AC: 16    Str: 21    XL:     6   Next: 36%
Magic:  7/7        EV:  7    Int:  8    God:    Okawaru [*.....]
Gold:   83         SH:  4    Dex: 10    Spells: 5/5 levels left

rFire   . . .      SeeInvis .   a - +0 war axe
rCold   . . .      Faith    .   c - +0 buckler
rNeg    + . .      Spirit   .   h - +0 chain mail
rPois   ∞          Reflect  .   (no helmet)
rElec   +          Harm     .   o - +0 cloak
rCorr   .          Rampage  .   j - +0 pair of gloves
Will    +....                   (no boots)
Stlth   ..........              (no amulet)
HPRegen 0.12/turn               k - ring of willpower
MPRegen 0.10/turn               (no ring)

@: no status effects
A: sickness immunity, AC +4, negative energy resistance 1, electricity
resistance, torment resistance 1, petrification resistance
a: Renounce Religion, Heroism


You were on level 6 of the Dungeon.
You worshipped Okawaru.
Okawaru was aware of your devotion.
You visited 1 branch of the dungeon, and saw 6 of its levels.

You collected 83 gold pieces.

Inventory:

Hand Weapons
 a - a +0 war axe (weapon)
 p - a +1 mace of draining
Armour
 c - a +0 buckler (worn)
 h - a +0 chain mail (worn)
 i - a scarf of shadows
 j - a +0 pair of gloves (worn)
 o - a +0 cloak (worn)
Jewellery
 k - a ring of willpower (left hand)
Wands
 f - a wand of paralysis (9)
 m - a wand of iceblast (4)
Scrolls
 b - 2 scrolls of teleportation
 n - a scroll of enchant armour {unknown}
Potions
 d - a potion of might
 e - a potion of haste
 g - a potion of heal wounds
 l - 2 potions of curing


   Skills:
 + Level 4.0 Fighting
 + Level 3.9 Axes
 + Level 4.3 Armour
 + Level 4.0 Shields
 * Level 2.6 Invocations
 * Level 0.4 Evocations


You had 5 spell levels left.
You didn't know any spells.
Your spell library contained the following spells:

 Spells                   Type           Power      Damage    Failure   Level
 Beastly Appendage        Tmut           0%         N/A       98%         1
 Blink                    Tloc           N/A        N/A       99%         2
 Wereblood                Tmut           0%         N/A       99%         2
 Spider Form              Tmut/Pois      0%         N/A       100%        3
 Manifold Assault         Tloc           0%         N/A       100%        5
 Storm Form               Tmut/Air       0%         N/A       100%        7


Dungeon Overview and Level Annotations

Branches:
Dungeon (7/15)
 Temple: D:4-7

Altars:
Kikubaaqudgha
Okawaru
Wu Jian

Shops:
D:2 =   D:3 :


Innate Abilities, Weirdness & Mutations

You are immune to sickness and miasma.
Your stone body is resilient. (AC +4)
You are immune to poison.
You resist negative energy. (rN+)
You are resistant to electric shocks. (rElec)
You are resistant to unholy torment.
You are immune to petrification.


Message History

You fall into a shaft and drop 3 floors!
The shaft crumbles and collapses.
Found a hand axe and 13 gold pieces.
Found a stone staircase leading up.
No target in view!
Found a moonstone ring.
A scorpion comes into view.
There is a stone staircase leading up here.
You climb upwards.
The ogre shouts!
There is a stone staircase leading down here.
Unknown command.
You closely miss the ogre. You barely miss the ice beast.
The ice beast hits you but does no damage.
The ogre closely misses you.
You barely miss the ogre. You slash the ice beast!
The ice beast closely misses you. The ogre closely misses you.
Unknown command.
You closely miss the ogre. You closely miss the ice beast.
The ice beast hits you. The ice beast freezes you! You block the ogre's attack.
Unknown command.
You hit the ogre.
The ogre is moderately wounded.
You closely miss the ice beast. The ice beast hits you.
The ice beast freezes you!
* * * LOW HITPOINT WARNING * * *
You block the ogre's attack.
The ice beast hits you but does no damage.
You slash the ogre!
The ogre is severely wounded.
You hit the ice beast but do no damage.
The ice beast hits you but does no damage.
The ogre barely misses you.
Unknown command.
You barely miss the ogre.
The ogre is severely wounded.
You barely miss the ice beast. The ice beast hits you.
* * * LOW HITPOINT WARNING * * *
The ice beast freezes you.
You die...

#########
......Y@#
#######O#
#.# #.#
#.# #.#
..# ###


You could see an ice beast and an ogre.

Vanquished Creatures
  Crazy Yiuf (D:3)
  2 jellies
  Jessica (D:3)
  Ijyb (D:3)
  Terence (D:3)
  6 adders
  An adder skeleton (D:4)
  A worm (D:2)
  6 ball pythons
  7 endoplasms
  3 giant cockroaches
  A hobgoblin (D:3)
  13 jackals
  2 quokkas
  7 bats
  5 frilled lizards
  4 goblins
  10 kobolds
  7 rats
79 creatures vanquished.

Vanquished Creatures (others)
  10 fungi (D:3)
  3 toadstools (D:3)
13 creatures vanquished.

Grand Total: 92 creatures vanquished

Notes
Turn   | Place    | Note
-------+----------+-------------------------------------------
     0 | D:1      | bande the Gargoyle Fighter began the quest for the Orb.
     0 | D:1      | Reached XP level 1. HP: 14/14 MP: 1/1
   310 | D:1      | Reached XP level 2. HP: 18/19 MP: 2/2
   393 | D:1      | Found a faded altar of an unknown god.
  1150 | D:2      | Reached XP level 3. HP: 6/23 MP: 3/3
  1397 | D:2      | Found Luycheym's Jewellery Boutique.
  1989 | D:2      | Found an iron altar of Okawaru.
  1995 | D:2      | Became a worshipper of Warmaster Okawaru
  2237 | D:3      | Reached XP level 4. HP: 22/28 MP: 4/4
  2250 | D:3      | Reached skill level 1 in Invocations
  2486 | D:3      | Found a runed translucent door.
  2487 | D:3      | Noticed Crazy Yiuf
  2502 | D:3      | Noticed Jessica
  2510 | D:3      | Killed Jessica
  2511 | D:3      | Reached XP level 5. HP: 31/33 MP: 6/6
  2744 | D:3      | Found an ancient bone altar of Kikubaaqudgha.
  2746 | D:3      | Found an ornate altar of the Wu Jian Council.
  2789 | D:3      | Noticed Ijyb
  2794 | D:3      | Killed Ijyb
  2943 | D:3      | Found Qonkanly's Book Boutique.
  2986 | D:3      | Noticed Terence
  3002 | D:3      | Killed Terence
  3505 | D:2      | Reached XP level 6. HP: 33/38 MP: 7/7
  3782 | D:3      | Reached * piety under Okawaru
  3917 | D:3      | Killed Crazy Yiuf
  4051 | D:4      | You fall into a shaft and drop 3 floors!
  4061 | D:6      | Noticed an ice beast
  4067 | D:6      | Slain by an ice beast

Illustrated notes

Levels and vault maps discovered:
D:1:      amcnicky_arrival_gap_in_the_tavern_cellar, layout_basic,
          basic_ecumenical_altar, minmay_curled_crystal, hangedman_decor_growths
D:2:      layout_basic, serial_shops, nicolae_shop_statue_plus, basic_altar,
          glass_columns_a
D:3:      cheibrodos_fertilizer, layout_basic, mainiacjoe_overflow_big_doors,
          serial_shops, nicolae_shop_trees, uniq_jessica, uniq_ijyb,
          uniq_crazy_yiuf_cottage, uniq_terence
D:4:      layout_loops_ring, chequers_serial_rivers_room_a
D:6:      layout_basic, vehumet_crystals, nicolae_qazlal_style_of_elements,
          temple_fountains, st_stairs_1, minmay_hollow_rounded_squares
D:7:      layout_rooms

Skill      XL: |  1  2  3  4  5  6 |
---------------+-------------------+-----
Axes           | 2 3 |  3.9
Invocations    | 1 2 |  2.6
Armour         | 4 |  4.3
Shields        | 4 |  4.0
Fighting       | 4 |  4.0
Evocations     | |  0.4

Action                   |  1- 3 |  4- 6 || total
-------------------------+-------+-------++-------
Melee: War axe           |    94 |   141 ||   235
  Use: Scroll            |     3 |     6 ||     9
Armor: Scale mail        |    63 |    52 ||   115
       Chain mail        |       |    38 ||    38
Dodge: Dodged            |    74 |    72 ||   146
Block: Buckler           |    25 |    29 ||    54

Table legend: (Time is in decaauts)
 A = Elapsed time spent in this place.
 B = Non-inter-level travel time spent in this place.
 C = Inter-level travel time spent in this place.
 D = Time resting spent in this place.
 E = Time spent auto-exploring this place.
 F = Levels seen in this place.
 G = Mean time per level.
                   A        B        C        D        E       F      G
               +--------+--------+--------+--------+--------+-----+--------+
         Total |   4152 |   4138 |     14 |    874 |   2456 |   6 |  692.0 |
       Dungeon |   4152 |   4138 |     14 |    874 |   2456 |   6 |  692.0 |
               +--------+--------+--------+--------+--------+-----+--------+

Top non-repeatable levels by time:
     D:3: 1581 daAuts
     D:2: 1470 daAuts
     D:1: 1074 daAuts
     D:7: 9 daAuts
     D:4: 9 daAuts
     D:6: 7 daAuts
